 Dungeon Crawl Stone Soup version 0.30-a0-241-g1121274140 (webtiles) character file.

Game seed: 15840118710517131356

144 lunkers the Changer (level 5, -1/41 HPs)
             Began as a Meteoran Wanderer on Oct 11, 2022.
             Slain by Dowan
             ... wielding a +0 dagger
              (3 damage)
             ... on level 4 of the Dungeon.
             The game lasted 00:03:44 (1104 turns).

lunkers the Changer (Meteoran Wanderer)             Turns: 1104, Time: 00:03:44

Health: -1/41      AC:  6    Str: 12    XL:     5   Next: 82%
Magic:  8/8        EV: 10    Int: 14    God:
Gold:   105        SH:  0    Dex: 16    Spells: 6/6 levels left

rFire   . . .      SeeInvis .    b - +3 flail
rCold   . . .      Faith    .    (no shield)
rNeg    . . .      Spirit   .    p - +1 ring mail
rPois   .          Reflect  .    (no helmet)
rElec   .          Harm     .    (no cloak)
rCorr   .          Rampage  .    (no gloves)
Will    .....                    (no boots)
Stlth   +.........               (no amulet)
HPRegen 0.26/turn                (no ring)
MPRegen 0.11/turn                (no ring)

@: mighty, glowing, invisible (but backlit and visible)
A: sense surroundings 1, otherworldly, glowing, explore regen
a: no special abilities


You were on level 4 of the Dungeon.
You visited 1 branch of the dungeon, and saw 4 of its levels.

You collected 105 gold pieces.

Inventory:

Hand Weapons
 a - a +0 dagger of electrocution
 b - a +3 flail (weapon)
 d - a +1 quarterstaff
Missiles
 l - a throwing net
Armour
 c - a +0 robe
 p - a +1 ring mail (worn)
Magical Staves
 h - a staff of fire
Scrolls
 e - a scroll of blinking {unknown}
 j - 3 scrolls of enchant armour
 k - a scroll of immolation {unknown}
 m - a scroll of enchant weapon {unknown}
 o - 3 scrolls of identify {unknown}
Potions
 q - 5 potions of curing
 r - a potion of lignification {unknown}


   Skills:
 - Level 2.1 Fighting
 - Level 3.3 Short Blades
 + Level 3.9(4.3) Maces & Flails
 - Level 2.3(3.3) Staves
 - Level 1.2 Armour
 - Level 1.0 Stealth
 - Level 1.3 Spellcasting
 - Level 4.8 Transmutations


You had 6 spell levels left.
You didn't know any spells.
Your spell library contained the following spells:

 Spells                   Type           Power      Damage    Failure   Level
 Beastly Appendage        Tmut           28%        N/A       8%          1
 Sting                    Tmut/Pois      28%        1d4       22%         1
 Ozocubu's Armour         Ice            0%         N/A       86%         3
 Ice Form                 Ice/Tmut       7%         N/A       91%         4
 Ozocubu's Refrigeration  Ice            0%         4d7       100%        7


Dungeon Overview and Level Annotations

Branches:
Dungeon (4/15) Zot: 1278
 Temple: D:4-7

Altars:

Annotations:
D:4 Dowan, Duvessa


Innate Abilities, Weirdness & Mutations

You passively map a small area around you.
You are easily found by Zot.
You glow in the dark.
You regain HP and MP as you explore.


Message History

Duvessa closely misses you. Dowan hits you with a +0 dagger.
* * * LOW HITPOINT WARNING * * *
You closely miss Duvessa.
Duvessa is moderately wounded.
Dowan points at Duvessa and mumbles some strange words.
Duvessa seems to speed up.
Duvessa closely misses you. Duvessa hits you with a +0 short sword.
* * * LOW HITPOINT WARNING * * *
Dowan closely misses you.
You barely miss Duvessa.
Duvessa is moderately wounded.
Duvessa hits you with a +0 short sword.
* * * LOW HITPOINT WARNING * * *
Dowan barely misses you.
You feel much better. Duvessa hits you with a +0 short sword.
Duvessa hits you but does no damage. Dowan hits you with a +0 dagger.
You hit Duvessa. Your punch misses Duvessa.
Duvessa is moderately wounded.
Duvessa hits you with a +0 short sword. Dowan barely misses you.
Duvessa closely misses you.
You barely miss Duvessa.
Duvessa is moderately wounded.
Duvessa roars, "You can run, but you cannot escape us forever!"
Duvessa hits you with a +0 short sword!
* * * LOW HITPOINT WARNING * * *
Dowan barely misses you.
You thump Duvessa!
Duvessa is severely wounded.
Duvessa hits you with a +0 short sword!
* * * LOW HITPOINT WARNING * * *
The kobold hits you with a +0 short sword.
* * * LOW HITPOINT WARNING * * *
Dowan barely misses you. Duvessa hits you with a +0 short sword.
* * * LOW HITPOINT WARNING * * *
You hit Duvessa. Your punch misses Duvessa.
Duvessa is severely wounded.
Duvessa hits you with a +0 short sword.
* * * LOW HITPOINT WARNING * * *
The kobold closely misses you. Dowan hits you with a +0 dagger.
You die...

...b.bb.b.†..§.>.
####b.....#..b#.#
, #..####.# ..#
..b#####.##eb# *
.### #....b.b # *
* #####.###†# *
#......e[.# ,
,#....K#####
#....e@# *
#....e.#* *, * *
####..... ,
####### * * , * *
* , * * * ,


You could see Duvessa (fast), Dowan and a kobold.

Vanquished Creatures
  Jessica (D:3)
  Natasha (twice) (D:4)
  An adder (D:3)
  An ufetubus (D:3)
  3 orcs (D:3)
  2 ball pythons (D:3)
  6 endoplasms
  3 giant cockroaches
  10 goblins
  A hobgoblin (D:1)
  4 jackals (D:1)
  5 bats
  2 frilled lizards (D:1)
  4 kobolds
  7 rats
52 creatures vanquished.

Vanquished Creatures (others)
  8 toadstools (D:2)
8 creatures vanquished.

Grand Total: 60 creatures vanquished

Notes
Turn   | Place    | Note
-------+----------+-------------------------------------------
     0 | D:1      | lunkers the Meteoran Wanderer began the quest for the Orb.
     0 | D:1      | lunkers set off with the following items: a +1
                  | quarterstaff, a potion of curing, a +0 robe; and the
                  | following spells available to memorise: Beastly Appendage,
                  | Sting, Ice Form.
     0 | D:1      | Reached XP level 1. HP: 17/17 MP: 3/3
    41 | D:1      | Reached XP level 2. HP: 21/24 MP: 5/5
    98 | D:1      | Reached skill level 1 in Short Blades
   202 | D:1      | Reached XP level 3. HP: 20/29 MP: 6/6
   760 | D:3      | Reached XP level 4. HP: 29/36 MP: 7/7
   915 | D:4      | Reached skill level 1 in Maces & Flails
   919 | D:4      | Noticed Duvessa
   919 | D:4      | Noticed Natasha
   920 | D:4      | Noticed Dowan
   931 | D:4      | Killed Natasha
   932 | D:4      | Reached XP level 5. HP: 19/41 MP: 8/8
   992 | D:4      | Noticed Natasha
  1006 | D:4      | Killed Natasha
  1016 | D:3      | Noticed Jessica
  1023 | D:3      | Killed Jessica
  1104 | D:4      | HP: 2/41 [Duvessa/+0 short sword (5)]
  1104 | D:4      | Slain by Dowan

Illustrated notes

Levels and vault maps discovered:
D:1:      dpeg_arrival_radiant, layout_loops_ring, minmay_ruptured
D:2:      cheibrodos_fertilizer, layout_loops_ring
D:3:      layout_basic, minmay_pentomino_pile, uniq_jessica
D:4:      layout_basic, mainiacjoe_overflow_big_doors,
          minmay_temple_entry_mini_moons, serial_shops, shop,
          ebering_ghost_disaster_area, uniq_natasha, uniq_pikel,
          uniq_crazy_yiuf_cottage, uniq_duvessa

Skill      XL: |  1  2  3  4  5 |
---------------+----------------+-----
Staves         | 2 |  2.3
Short Blades   | 1 2 3 |  3.3
Maces & Flails | 2 3 |  3.9
Fighting       | |  2.1
Armour         | |  1.2
Stealth        | |  1.0
Spellcasting   | |  1.3
Transmutations | |  4.8

Action                   |  1- 3 |  4- 6 || total
-------------------------+-------+-------++-------
Melee: Quarterstaff      |    13 |       ||    13
       Dagger            |   107 |    12 ||   119
       Punch             |     3 |       ||     3
       Flail             |       |    59 ||    59
  Use: Scroll            |       |     3 ||     3
       Potion            |       |     4 ||     4
 Stab: Sleeping          |     1 |       ||     1
Armor: Robe              |    20 |       ||    20
       Ring mail         |       |    22 ||    22
Dodge: Dodged            |    46 |    40 ||    86

Table legend: (Time is in decaauts)
 A = Elapsed time spent in this place.
 B = Non-inter-level travel time spent in this place.
 C = Inter-level travel time spent in this place.
 D = Time resting spent in this place.
 E = Time spent auto-exploring this place.
 F = Levels seen in this place.
 G = Mean time per level.
                   A        B        C        D        E       F      G
               +--------+--------+--------+--------+--------+-----+--------+
         Total |   1119 |   1037 |     82 |      0 |    556 |   4 |  279.8 |
       Dungeon |   1119 |   1037 |     82 |      0 |    556 |   4 |  279.8 |
               +--------+--------+--------+--------+--------+-----+--------+

Top non-repeatable levels by time:
     D:3: 422 daAuts
     D:2: 348 daAuts
     D:1: 260 daAuts
     D:4: 87 daAuts
